Map: Abyssal Reef LE

Players

Jett - Winner!

  • Race: Protoss Protoss
  • League: Master
  • Spawn Location: 5:00

SHlTMAPS

  • Race: Zerg Zerg
  • League: Master
  • Spawn Location: 11:00

Event: HopeTL

VOD

https://www.youtube.com/watch?v=fIOJgj8wW98&list=PL9QsjkBYtQM7NVZEDVfaNugqO61aBOlm6&index=1

Description

Time

  • Played on: Oct. 7, 2017, 6:42 p.m.
  • Length: 9:14
Show
View Real Time Build Order
Export as new Build Order

Jett Protoss - Winner!

Build Orders: 1 Gate Expand, Oracle Opening 

Get SALT Encoding   

  12  0:01  Probe (Chrono Boost)  
  13  0:12  Probe (Chrono Boost)  
  14  0:18  Pylon  
  14  0:23  Probe (Chrono Boost)  
  15  0:36  Probe (Chrono Boost)  
  15  0:38  Gateway  
  16  0:43  Assimilator  
  16  0:47  Probe (Chrono Boost)  
  17  0:58  Probe (Chrono Boost)  
  18  1:08  Probe (Chrono Boost)  
  19  1:19  Probe (Chrono Boost)  
  20  1:26  Nexus  
  20  1:36  Cybernetics Core  
  20  1:39  Probe (Chrono Boost)  
  21  1:45  Assimilator  
  21  1:50  Probe (Chrono Boost)  
  22  1:55  Pylon  
  22  2:00  Probe (Chrono Boost)  
  23  2:13  Stargate  
  23  2:14  Probe (Chrono Boost)  
  24  2:18  Adept  
  26  2:23  Warp Gate  
  26  2:25  Probe (Chrono Boost)  
  27  2:35  Probe (Chrono Boost)  
  28  2:38  Probe (Chrono Boost)  
  29  2:46  Probe (Chrono Boost)  
  29  2:49  Probe (Chrono Boost)  
  31  2:55  Oracle (Chrono Boost)  
  31  2:56  Probe  
  31  2:58  Probe  
  35  3:03  Gateway  
  36  3:09  Gateway  
  36  3:10  Probe  
  36  3:11  Probe  
  38  3:22  Pylon  
  38  3:23  Mothership Core (Chrono Boost), Probe (Chrono Boost)  
  41  3:35  Probe (Chrono Boost)  
  42  3:42  Probe (Chrono Boost)  
  42  3:46  Nexus  
  43  3:58  Probe (Chrono Boost)  
  43  4:02  Oracle (Chrono Boost)  
  44  4:09  Probe (Chrono Boost)  
  48  4:13  Pylon, Probe (Chrono Boost)  
  48  4:15  Assimilator  
  48  4:17  Pylon  
  49  4:20  Assimilator, Stargate  
  49  4:22  Probe  
  49  4:24  Probe  
  51  4:32  Probe  
  51  4:36  Phoenix (Chrono Boost), Probe  
  55  4:40  Assimilator  
  55  4:43  Assimilator, Probe  
  56  4:49  Adept  
  56  4:51  Adept  
  56  4:52  Probe  
  61  4:56  Probe  
  62  5:01  Oracle (Chrono Boost)  
  62  5:06  Probe  
  65  5:08  Probe  
  67  5:17  Probe x2  
  67  5:20  Probe  
  73  5:23  Stargate  
  73  5:25  Oracle (Chrono Boost)  
  73  5:27  Probe  
  73  5:28  Probe  
  73  5:32  Probe  
  76  5:43  Oracle (Chrono Boost)  
  76  5:46  Probe x2  
  76  5:48  Probe  
  85  5:57  Gateway  
  85  5:58  Gateway  
  85  6:00  Oracle (Chrono Boost)  
  85  6:02  Pylon, Gateway  
  85  6:08  Nexus  
  85  6:13  Pylon  
  85  6:19  Probe x2  
  85  6:20  Probe, Oracle (Chrono Boost)  
  91  6:31  Oracle x2 (Chrono Boost), Probe x2  
  91  6:32  Pylon, Probe  
  99  6:33  Pylon  
  99  6:37  Pylon  
  100  6:43  Probe  
  101  6:50  Probe x2  
  101  6:52  Oracle (Chrono Boost)  
  106  6:55  Probe  
  107  7:02  Zealot x3  
  107  7:03  Probe  
  107  7:06  Oracle (Chrono Boost)  
  107  7:07  Oracle (Chrono Boost)  
  120  7:08  Twilight Council  
  120  7:16  Pylon, Gateway  
  120  7:25  Oracle (Chrono Boost)  
  123  7:35  Oracle (Chrono Boost)  
  126  7:44  Oracle (Chrono Boost)  
  126  7:47  Zealot x6  
  126  7:48  Probe x2  
  140  7:52  Oracle (Chrono Boost)  
  133  8:14  Gateway  
  133  8:17  Pylon  
  133  8:22  Pylon  
  133  8:24  Pylon  
  133  8:30  Oracle  
  133  8:31  Pylon  
  133  8:33  Pylon  
  133  8:35  Oracle x2  
  142  8:41  Zealot, Templar Archives  
  142  8:42  Zealot x6  
  142  8:48  Pylon, Probe  
  156  8:49  Probe x3  
  156  8:53  Pylon  
  156  8:54  Pylon  
  157  9:02  Probe x2  
  159  9:07  Zealot x3  
  159  9:08  Zealot x4  
Show
View Real Time Build Order
Export as new Build Order

SHlTMAPS Zerg 

Build Orders: Hatch First 

Get SALT Encoding   

  12  0:01  Drone  
  13  0:12  Overlord  
  13  0:18  Drone  
  14  0:31  Drone x2  
  14  0:34  Drone  
  17  0:54  Hatchery  
  17  0:56  Drone  
  17  0:59  Drone  
  18  1:11  Extractor  
  17  1:14  Spawning Pool  
  17  1:17  Drone  
  17  1:21  Drone  
  18  1:28  Drone  
  19  1:38  Overlord  
  19  1:49  Drone  
  20  2:01  Zergling x2  
  20  2:02  Queen  
  20  2:06  Drone, Queen  
  26  2:12  Metabolic Boost  
  26  2:13  Drone  
  27  2:17  Drone  
  27  2:22  Drone  
  29  2:28  Drone  
  30  2:41  Hatchery  
  30  2:43  Queen  
  31  2:48  Overlord  
  31  2:53  Zergling x4  
  31  2:56  Drone  
  31  2:57  Drone  
  35  3:01  Drone  
  36  3:07  Drone  
  36  3:11  Drone  
  38  3:14  Drone x4  
  38  3:16  Drone  
  38  3:17  Drone  
  44  3:22  Overlord  
  44  3:35  Overlord  
  44  3:40  Drone x3  
  47  3:45  Drone x4  
  48  4:00  Spore Crawler x2  
  48  4:01  Drone  
  46  4:06  Drone x3  
  46  4:08  Drone x3  
  46  4:09  Lair  
  50  4:10  Extractor, Drone  
  50  4:16  Spore Crawler  
  49  4:18  Drone  
  49  4:19  Drone x2  
  49  4:24  Drone x2  
  54  4:32  Overlord  
  54  4:37  Drone x3  
  57  4:43  Extractor  
  56  4:47  Overlord  
  56  4:51  Zergling x14  
  56  4:52  Zergling x2  
  64  4:59  Roach Warren, Drone x2  
  65  5:02  Drone x3  
  65  5:04  Drone x2  
  65  5:05  Evolution Chamber  
  67  5:14  Drone  
  67  5:15  Drone x2  
  69  5:23  Overseer  
  69  5:26  Drone x3  
  73  5:28  Drone  
  73  5:29  Drone, Hydralisk Den  
  73  5:30  Zerg Missile Weapons Level 1  
  73  5:31  Overlord  
  73  5:32  Overlord  
  72  5:45  Extractor  
  72  5:46  Overlord x2  
  71  5:54  Drone x2  
  71  5:56  Drone x2  
  75  5:57  Drone  
  75  6:00  Muscular Augments, Drone x4  
  75  6:02  Drone  
  75  6:03  Overlord x2  
  81  6:07  Overseer  
  81  6:11  Hydralisk x3  
  81  6:14  Hydralisk  
  81  6:15  Hydralisk  
  91  6:23  Overlord, Hydralisk  
  91  6:24  Hydralisk  
  91  6:25  Extractor  
  94  6:32  Spore Crawler  
  93  6:33  Spore Crawler  
  93  6:34  Spore Crawler  
  93  6:35  Spore Crawler  
  93  6:38  Hydralisk  
  93  6:39  Hydralisk x2  
  96  6:45  Drone x2  
  96  6:46  Drone x3  
  101  6:47  Drone  
  101  6:48  Drone  
  103  7:03  Hydralisk x5  
  103  7:06  Overlord  
  113  7:14  Pneumatized Carapace  
  113  7:20  Overlord  
  113  7:31  Hydralisk x4  
  113  7:33  Overlord x2  
  121  7:38  Spore Crawler x2  
  121  7:44  Extractor  
  118  7:48  Hatchery  
  118  7:50  Hydralisk  
  118  7:51  Hydralisk x3  
  119  7:53  Zergling x4  
  97  8:07  Roach x4  
  97  8:08  Roach x3  
  97  8:12  Hydralisk x2  
  105  8:17  Roach x3  
  111  8:21  Roach x2  
  111  8:25  Roach x2  
  119  8:27  Hydralisk  
  121  8:39  Drone  
  121  8:40  Drone x4  
  126  8:42  Infestation Pit, Drone x2  
  127  8:49  Hydralisk  
  127  8:50  Hydralisk x2  
Tags
 
Add a new tag
Caveats
  • Supply blocks, unpowered buildings, or Contaminate may cause inaccurate times.
  • Supply counts are checked every 10 seconds.